Login

Wuhan Clan vs Trash Pandas

Created - April 28, 2024 at 12:12

Goals
1 2 3 T
Wuhan Clan 2 0 2 4
Trash Pandas 0 2 0 2
Shots
1 2 3 T
Wuhan Clan 11 9 10 30
Trash Pandas 7 13 20 40

GoalsPenalties
1st period
1. Wuhan Clan , Chu Kock 20 (Elias Pettersson 35, Connor Clifton 18) at 0:26
2. Wuhan Clan , Connor Clifton 5 (Trevor Zegras 26, Elias Pettersson 36) at 15:30 (PP)
David Krejci (WUH) for Holding Stick (Minor) at 0:41
Nick Foligno (ABE) for Holding (Minor) at 3:25
Ryan Strome (ABE) for Boarding (Minor) at 13:31
Adam Lowry (WUH) for Hooking (Minor) at 19:32
2nd period
3. Trash Pandas , Anze Kopitar 26 (Raccoon Willie 33, Sean Kuraly 12) at 7:34
4. Trash Pandas , Sean Kuraly 11 (Connor Murphy 19, Ben Chiarot 21) at 17:23 (PP)
Gabriel Carlsson (WUH) for Tripping (Minor) at 10:59
Gabriel Carlsson (WUH) for Tripping (Minor) at 15:33
3rd period
5. Wuhan Clan , Jack Quinn 9 (Jacob Larsson 5, Jacob Markstrom) at 9:59
6. Wuhan Clan , Elias Pettersson 30 (Trevor Zegras 27, Dougie Hamilton 39) at 12:57
Connor Clifton (WUH) for Holding (Minor) at 1:48
Connor Clifton (WUH) for Hooking (Minor) at 17:06
Goalie Stats
Jacob Markstrom (WUH), 38 saves from 40 shots - (0.950), W, 23-38-10, 60:00 minutes
Tristan Jarry (ABE), 26 saves from 30 shots - (0.867), L, 22-33-7, 60:00 minutes
3 StarsOfficial
1 - Elias Pettersson (WUH)
2 - Jacob Markstrom (WUH)
3 - Trevor Zegras (WUH)
Referees : Unknown
Linesman : Unknown
Game Note
No Game Note
Finance
Level 1 -- Attendance: 4686 (78.10%) -- Ticket Income $468,600
Level 2 -- Attendance: 3619 (72.38%) -- Ticket Income $217,140
Level 3 -- Attendance: 1492 (74.60%) -- Ticket Income $52,220
Level 4 -- Attendance: 2780 (69.50%) -- Ticket Income $69,500
Luxury Box -- Attendance: 987 (98.70%) -- Ticket Income $197,400
Game was played at the Balmoral Castle.
Total Attendance: 13564 (75.36%)
Total Ticket Income: $1,004,860
Other Income: $401,944
Total Income: $1,406,804



Team Name Goals Shots Shots Attemp Shots Blocked PIM HIT PP PK FO%
Wuhan Clan 430631712241 / 2 (50%)146%
Trash Pandas 24093164271 / 6 (17%)154%

Wuhan Clan
Player Name POS G A P +/- PIM HIT SHT SB MP PP MP PP SHT PK MP PK SHT FO% FOT
Adam LowryC0000253218:592:1613:58069% 29
Chu KockRW1011001015:281:4200:0300% 1
Connor CliftonD1121432123:322:1713:4100% 0
David KrejciC/LW0000204118:562:1613:5500% 2
Dougie HamiltonD0111012424:041:4106:2110% 0
Elias PetterssonC1231015022:021:4206:37137% 35
Gabriel CarlssonD000-1420215:580:2701:2700% 0
Jack QuinnRW1011002111:430:0000:0000% 0
Jacob LarssonD0112010014:170:0000:0700% 0
Jason DickinsonC/LW0001012014:100:0002:27140% 15
Jesperi KotkaniemiC/LW000000106:050:0000:0000% 0
Kevin LabancRW000000116:050:0000:0000% 0
Mark BorowieckiD0002030520:221:4006:0700% 0
Michael RasmussenC/LW000003206:050:0000:00038% 8
Tomas TatarLW/RW0000011015:052:1600:0300% 0
Travis DermottD000-1010021:401:5105:4400% 0
Trevor ZegrasC/LW0221013021:551:4206:3000% 2
Wyatt JohnstonC0001011011:430:0000:000100% 1
Trash Pandas
Player Name POS G A P +/- PIM HIT SHT SB MP PP MP PP SHT PK MP PK SHT FO% FOT
Anze KopitarC1010015020:576:0022:25050% 36
Ben ChiarotD011-1010725:435:4302:1400% 0
Christian DvorakC/LW0000002015:380:0002:2200% 0
Connor MurphyD011-1043525:435:4312:1400% 0
Erik GudbransonD000-1034021:195:5521:4400% 0
Erik JohnsonD0000000214:420:0701:4400% 0
Jonathan ToewsC000-1002019:115:4510:00060% 20
Kevin BahlD0000020112:580:0700:0000% 0
Morgan GeekieC/RW000-101105:030:0000:00050% 2
Nick BoninoC000000000:070:0700:0000% 0
Nick FolignoC/LW/RW0000255013:150:0000:000100% 2
Raccoon WillieRW011-1036023:356:0020:0000% 0
Ryan O'ReillyC000-100106:360:0001:33050% 8
Ryan StromeC0000212013:150:0000:00056% 18
Sean KuralyLW1120013019:585:5331:330100% 2
Shayne GostisbehereD000-1002119:355:5510:0000% 0
Taylor HallLW/RW000-1001019:145:4510:03025% 4
Tom WilsonRW000-1053019:115:4500:0000% 1

Wuhan Clan

5 vs 5 Forward
Line #Left WingCenterRight WingPHYDFOFWanted %Time %Time Play
1Trevor ZegrasElias PetterssonChu Kock1223031%13:43
2David KrejciAdam LowryTomas Tatar1222829%12:46
3Wyatt JohnstonJason DickinsonJack Quinn1222626%11:43
4Jesperi KotkaniemiMichael RasmussenKevin Labanc1221614%6:05
5 vs 5 Defense
Line #DefenseDefensePHYDFOFWanted %Time %Time Play
1Jacob LarssonConnor Clifton1223028%12:34
2Dougie HamiltonMark Borowiecki1222826%11:24
3Travis DermottGabriel Carlsson1222635%15:17
4Dougie HamiltonConnor Clifton1221611%5:02
Power Play Forward
Line #Left WingCenterRight WingPHYDFOFWanted %Time %Time Play
1Trevor ZegrasElias PetterssonChu Kock1225543%1:42
2David KrejciAdam LowryTomas Tatar1224557%2:16
Power Play Defense
Line #DefenseDefensePHYDFOFWanted %Time %Time Play
1Mark BorowieckiConnor Clifton1225558%2:17
2Dougie HamiltonMark Borowiecki1224542%1:41
Penalty Kill 4 Players Forward
Line #CenterWingPHYDFOFWanted %Time %Time Play
1Elias PetterssonTrevor Zegras1225559%6:58
2Adam LowryDavid Krejci1224541%4:47
Penalty Kill 4 Players Defense
Line #DefenseDefensePHYDFOFWanted %Time %Time Play
1Mark BorowieckiConnor Clifton1225561%7:12
2Dougie HamiltonMark Borowiecki1224539%4:33
Penalty Kill 3 Players
Line #WingPHYDFOFWanted %Time %Time PlayDefenseDefensePHYDFOFWanted %Time %Time Play
1Elias Pettersson122550%0:00 Mark BorowieckiConnor Clifton122550%0:00
2Adam Lowry122450%0:00 Dougie HamiltonMark Borowiecki122450%0:00
4 vs 4 Forward
Line #CenterWingPHYDFOFWanted %Time %Time Play
1Elias PetterssonTrevor Zegras122550%0:00
2Adam LowryDavid Krejci122450%0:00
4 vs 4 Defense
Line #DefensePHYDFOFWanted %Time %Time Play
1Dougie HamiltonConnor Clifton122550%0:00
2Dougie HamiltonMark Borowiecki122450%0:00
Last Minutes Offensive
Left WingCenterRight WingDefenseDefense
Trevor ZegrasElias PetterssonChu KockJacob LarssonConnor Clifton
Last Minutes Defensive
Left WingCenterRight WingDefenseDefense
Trevor ZegrasElias PetterssonChu KockJacob LarssonConnor Clifton
Time
Total ForwardTotal DefenseLast Minutes OffensiveLast Minutes Defensive
60:00 60:00 0:000:00
Extra Forwards
Normal PowerPlayPenalty Kill
David Krejci, Tomas Tatar, Jason DickinsonDavid Krejci, Tomas TatarDavid Krejci
Extra Defensemen
Normal PowerPlayPenalty Kill
Mark Borowiecki, Connor Clifton, Dougie HamiltonMark Borowiecki, Mark BorowieckiConnor Clifton
Penalty Shots
Elias Pettersson, Trevor Zegras, Adam Lowry, Chu Kock, David Krejci
Goalie
Jacob Markstrom, James Reimer
Custom OT Lines Forwards
Elias Pettersson, Trevor Zegras, Adam Lowry, Chu Kock, David Krejci, Tomas Tatar, Jason Dickinson, Michael Rasmussen, Jesperi Kotkaniemi, Wyatt Johnston
Custom OT Lines Defensemen
Jacob Larsson, Connor Clifton, Dougie Hamilton, Mark Borowiecki, Travis Dermott
Scratches
Aaron Ekblad (Sports Hernia Injury), Blake Coleman (Healthy), Alexander Nylander (Healthy)

Trash Pandas

5 vs 5 Forward
Line #Left WingCenterRight WingPHYDFOFWanted %Time %Time Play
1Sean KuralyAnze KopitarRaccoon Willie1133028%12:32
2Taylor HallJonathan ToewsTom Wilson1132830%13:26
3Christian DvorakRyan StromeNick Foligno1132630%13:16
4Raccoon WillieRyan O'ReillyMorgan Geekie1131611%5:03
5 vs 5 Defense
Line #DefenseDefensePHYDFOFWanted %Time %Time Play
1Connor MurphyBen Chiarot1223028%12:20
2Erik GudbransonShayne Gostisbehere1222831%13:40
3Kevin BahlErik Johnson1222629%12:51
4Connor MurphyBen Chiarot1221612%5:26
Power Play Forward
Line #Left WingCenterRight WingPHYDFOFWanted %Time %Time Play
1Sean KuralyAnze KopitarRaccoon Willie1135551%6:00
2Taylor HallJonathan ToewsTom Wilson1134549%5:45
Power Play Defense
Line #DefenseDefensePHYDFOFWanted %Time %Time Play
1Connor MurphyBen Chiarot1135550%5:50
2Erik GudbransonShayne Gostisbehere1134550%5:55
Penalty Kill 4 Players Forward
Line #CenterWingPHYDFOFWanted %Time %Time Play
1Anze KopitarChristian Dvorak1315561%2:25
2Ryan O'ReillySean Kuraly1314539%1:33
Penalty Kill 4 Players Defense
Line #DefenseDefensePHYDFOFWanted %Time %Time Play
1Connor MurphyBen Chiarot1315556%2:14
2Erik GudbransonErik Johnson1314544%1:44
Penalty Kill 3 Players
Line #WingPHYDFOFWanted %Time %Time PlayDefenseDefensePHYDFOFWanted %Time %Time Play
1Ryan O'Reilly131550%0:00 Connor MurphyBen Chiarot122550%0:00
2Anze Kopitar122450%0:00 Erik GudbransonErik Johnson122450%0:00
4 vs 4 Forward
Line #CenterWingPHYDFOFWanted %Time %Time Play
1Raccoon WillieAnze Kopitar122550%0:00
2Sean KuralyTaylor Hall122450%0:00
4 vs 4 Defense
Line #DefensePHYDFOFWanted %Time %Time Play
1Connor MurphyBen Chiarot122550%0:00
2Erik GudbransonErik Johnson122450%0:00
Last Minutes Offensive
Left WingCenterRight WingDefenseDefense
Sean KuralyAnze KopitarRaccoon WillieConnor MurphyBen Chiarot
Last Minutes Defensive
Left WingCenterRight WingDefenseDefense
Sean KuralyAnze KopitarRaccoon WillieConnor MurphyBen Chiarot
Time
Total ForwardTotal DefenseLast Minutes OffensiveLast Minutes Defensive
60:00 60:00 0:000:00
Extra Forwards
Normal PowerPlayPenalty Kill
Nick Bonino, Ryan Strome, Ryan O'ReillyNick Bonino, Ryan StromeRyan O'Reilly
Extra Defensemen
Normal PowerPlayPenalty Kill
Kevin Bahl, Shayne Gostisbehere, Erik GudbransonKevin Bahl, Shayne GostisbehereErik Gudbranson
Penalty Shots
Raccoon Willie, Anze Kopitar, Sean Kuraly, Taylor Hall, Jonathan Toews
Goalie
Tristan Jarry, Casey DeSmith
Custom OT Lines Forwards
Raccoon Willie, Anze Kopitar, Sean Kuraly, Taylor Hall, Jonathan Toews, Tom Wilson, Ryan Strome, Ryan O'Reilly, Christian Dvorak, Nick Bonino
Custom OT Lines Defensemen
Connor Murphy, Ben Chiarot, Erik Gudbranson, Erik Johnson, Kevin Bahl
Scratches
Nico Sturm (Healthy), Tanner Pearson (Sore Left Knee Injury), Carson Soucy (Healthy)


Play-by-Play

1st period


0:01 of 1st period - Elias Pettersson wins face-off versus Anze Kopitar in neutral zone.
0:08 of 1st period - Shot by Elias Pettersson.
0:08 of 1st period - Shot Misses the Net.
0:24 of 1st period - Shot by Elias Pettersson.
0:24 of 1st period - Shot Blocked by Ben Chiarot.
0:26 of 1st period - Shot by Chu Kock.
0:26 of 1st period - Goal by Chu Kock - Wuhan Clan : 1 - Trash Pandas : 0.
0:27 of 1st period - Adam Lowry wins face-off versus Jonathan Toews in neutral zone.
0:27 of 1st period - David Krejci is hit by Tom Wilson and loses puck.
0:41 of 1st period - Minor Penalty to David Krejci for Holding Stick.
0:42 of 1st period - Sean Kuraly wins face-off versus Elias Pettersson in Wuhan Clan zone.
0:43 of 1st period - Shot by Anze Kopitar.
0:43 of 1st period - Shot Misses the Net.
0:45 of 1st period - Shot by Anze Kopitar.
0:45 of 1st period - Shot Misses the Net.
1:01 of 1st period - Shot by Sean Kuraly.
1:01 of 1st period - Shot Misses the Net.
1:03 of 1st period - Shot by Sean Kuraly.
1:03 of 1st period - Shot Blocked by Adam Lowry.
1:05 of 1st period - Shot by Sean Kuraly.
1:05 of 1st period - Shot Misses the Net.
1:24 of 1st period - Icing by Ben Chiarot.
1:25 of 1st period - Elias Pettersson wins face-off versus Anze Kopitar in Trash Pandas zone.
1:58 of 1st period - Shot by Taylor Hall.
1:58 of 1st period - Stopped by Jacob Markstrom without a rebound.
1:59 of 1st period - Adam Lowry wins face-off versus Taylor Hall in Wuhan Clan zone.
1:59 of 1st period - Adam Lowry is hit by Tom Wilson.
2:54 of 1st period - Shot by Nick Foligno.
2:54 of 1st period - Stopped by Jacob Markstrom without a rebound.
2:55 of 1st period - Ryan O'Reilly wins face-off versus Jason Dickinson in Wuhan Clan zone.
3:18 of 1st period - Shot by Jason Dickinson.
3:18 of 1st period - The goal is going for a video replay.
3:18 of 1st period - The goal is refused.
3:19 of 1st period - Adam Lowry wins face-off versus Ryan Strome in Trash Pandas zone.
3:25 of 1st period - Minor Penalty to Nick Foligno for Holding.
3:26 of 1st period - Anze Kopitar wins face-off versus Elias Pettersson in Trash Pandas zone.
4:34 of 1st period - Shot by David Krejci.
4:34 of 1st period - Stopped by Tristan Jarry without a rebound.
4:35 of 1st period - Ryan O'Reilly wins face-off versus Adam Lowry in Trash Pandas zone.
5:22 of 1st period - Icing by David Krejci.
5:23 of 1st period - Adam Lowry wins face-off versus Anze Kopitar in Wuhan Clan zone.
5:34 of 1st period - Shot by Trevor Zegras.
5:34 of 1st period - Stopped by Tristan Jarry without a rebound.
5:35 of 1st period - Jason Dickinson wins face-off versus Taylor Hall in Trash Pandas zone.
6:06 of 1st period - Shot by Jonathan Toews.
6:06 of 1st period - Stopped by Jacob Markstrom with a rebound.
6:23 of 1st period - Trevor Zegras is hit by Kevin Bahl and loses puck.
6:48 of 1st period - Shot by Trevor Zegras.
6:48 of 1st period - Shot Blocked by Ben Chiarot.
7:02 of 1st period - Shot by Kevin Labanc.
7:02 of 1st period - Shot Misses the Net.
7:26 of 1st period - Gabriel Carlsson is hit by Nick Foligno and loses puck.
7:37 of 1st period - Shot by Nick Foligno.
7:37 of 1st period - Stopped by Jacob Markstrom without a rebound.
7:38 of 1st period - Adam Lowry wins face-off versus Ryan Strome in Wuhan Clan zone.
8:40 of 1st period - Icing by David Krejci.
8:41 of 1st period - Adam Lowry wins face-off versus Jonathan Toews in Wuhan Clan zone.
9:00 of 1st period - Shot by Elias Pettersson.
9:00 of 1st period - Stopped by Tristan Jarry without a rebound.
9:01 of 1st period - Anze Kopitar wins face-off versus Jason Dickinson in Trash Pandas zone.
9:12 of 1st period - Shot by Raccoon Willie.
9:12 of 1st period - Deflect By Anze Kopitar.
9:12 of 1st period - Shot Misses the Net.
9:18 of 1st period - Shot by Shayne Gostisbehere.
9:18 of 1st period - Stopped by Jacob Markstrom without a rebound.
9:19 of 1st period - Elias Pettersson wins face-off versus Ryan Strome in Wuhan Clan zone.
9:26 of 1st period - Shot by Elias Pettersson.
9:26 of 1st period - Shot Misses the Net.
9:44 of 1st period - Shot by Elias Pettersson.
9:44 of 1st period - Shot Blocked by Connor Murphy.
10:44 of 1st period - Shot by Anze Kopitar.
10:44 of 1st period - Deflect By Raccoon Willie.
10:44 of 1st period - Shot Misses the Net.
11:12 of 1st period - Icing by Gabriel Carlsson.
11:13 of 1st period - Elias Pettersson wins face-off versus Ryan O'Reilly in Wuhan Clan zone.
11:13 of 1st period - Trevor Zegras is hit by Raccoon Willie and loses puck.
11:44 of 1st period - Connor Murphy is hit by Adam Lowry and loses puck.
11:51 of 1st period - Shot by Tomas Tatar.
11:51 of 1st period - Shot Misses the Net.
11:53 of 1st period - Shot by Adam Lowry.
11:53 of 1st period - Shot Blocked by Ben Chiarot.
11:59 of 1st period - Shot by Tomas Tatar.
11:59 of 1st period - Shot Blocked by Connor Murphy.
12:01 of 1st period - Shot by Dougie Hamilton.
12:01 of 1st period - Shot Blocked by Ben Chiarot.
12:03 of 1st period - Shot by Adam Lowry.
12:03 of 1st period - Stopped by Tristan Jarry without a rebound.
12:04 of 1st period - Jonathan Toews wins face-off versus Jason Dickinson in Trash Pandas zone.
12:04 of 1st period - Jonathan Toews is hit by Wyatt Johnston.
12:10 of 1st period - Shot by Jonathan Toews.
12:10 of 1st period - Shot Misses the Net.
12:58 of 1st period - Shot by Christian Dvorak.
12:58 of 1st period - Shot Misses the Net.
13:00 of 1st period - Shot by Christian Dvorak.
13:00 of 1st period - Shot Misses the Net.
13:09 of 1st period - Icing by Jesperi Kotkaniemi.
13:10 of 1st period - Michael Rasmussen wins face-off versus Anze Kopitar in Wuhan Clan zone.
13:10 of 1st period - Michael Rasmussen is hit by Sean Kuraly.
13:16 of 1st period - Sean Kuraly is hit by Michael Rasmussen and loses puck.
13:25 of 1st period - Shot by Connor Murphy.
13:25 of 1st period - Shot Blocked by Connor Clifton.
13:27 of 1st period - Shot by Ben Chiarot.
13:27 of 1st period - Shot Blocked by Kevin Labanc.
13:29 of 1st period - Shot by Anze Kopitar.
13:29 of 1st period - Stopped by Jacob Markstrom without a rebound.
13:30 of 1st period - Adam Lowry wins face-off versus Ryan Strome in Wuhan Clan zone.
13:30 of 1st period - Adam Lowry is hit by Ryan Strome.
13:31 of 1st period - Minor Penalty to Ryan Strome for Boarding.
13:32 of 1st period - Anze Kopitar wins face-off versus Adam Lowry in Trash Pandas zone.
13:32 of 1st period - Anze Kopitar is hit by Adam Lowry.
13:52 of 1st period - Shot by Tomas Tatar.
13:52 of 1st period - Shot Blocked by Connor Murphy.
13:54 of 1st period - Shot by Mark Borowiecki.
13:54 of 1st period - Shot Misses the Net.
13:56 of 1st period - Shot by Adam Lowry.
13:56 of 1st period - Stopped by Tristan Jarry without a rebound.
13:57 of 1st period - Elias Pettersson wins face-off versus Anze Kopitar in Trash Pandas zone.
14:15 of 1st period - Elias Pettersson is hit by Connor Murphy.
14:24 of 1st period - Elias Pettersson is hit by Connor Murphy and loses puck.
15:20 of 1st period - Icing by Connor Clifton.
15:21 of 1st period - Elias Pettersson wins face-off versus Anze Kopitar in Wuhan Clan zone.
15:23 of 1st period - Trevor Zegras is hit by Anze Kopitar and loses puck.
15:28 of 1st period - Shot by Connor Clifton.
15:28 of 1st period - Shot Blocked by Connor Murphy.
15:30 of 1st period - Shot by Connor Clifton.
15:30 of 1st period - Goal by Connor Clifton - Wuhan Clan : 2 - Trash Pandas : 0.
15:31 of 1st period - Jason Dickinson wins face-off versus Jonathan Toews in neutral zone.
16:13 of 1st period - Off-side.
16:14 of 1st period - Sean Kuraly wins face-off versus David Krejci in neutral zone.
16:20 of 1st period - Off-side.
16:21 of 1st period - Adam Lowry wins face-off versus Anze Kopitar in neutral zone.
16:36 of 1st period - Sean Kuraly is hit by Tomas Tatar and loses puck.
16:51 of 1st period - Shot by David Krejci.
16:51 of 1st period - Stopped by Tristan Jarry without a rebound.
16:52 of 1st period - Ryan Strome wins face-off versus Chu Kock in Trash Pandas zone.
16:58 of 1st period - Icing by Jacob Larsson.
16:59 of 1st period - Ryan Strome wins face-off versus Elias Pettersson in Wuhan Clan zone.
17:17 of 1st period - Chu Kock is hit by Nick Foligno and loses puck.
17:24 of 1st period - Shot by Elias Pettersson.
17:24 of 1st period - Stopped by Tristan Jarry without a rebound.
17:25 of 1st period - Adam Lowry wins face-off versus Anze Kopitar in Trash Pandas zone.
17:32 of 1st period - Shot by Adam Lowry.
17:32 of 1st period - Deflect By Tomas Tatar.
17:32 of 1st period - Stopped by Tristan Jarry without a rebound.
17:33 of 1st period - Jason Dickinson wins face-off versus Anze Kopitar in Trash Pandas zone.
17:33 of 1st period - Jason Dickinson is hit by Ben Chiarot.
18:00 of 1st period - Wyatt Johnston is hit by Connor Murphy and loses puck.
19:22 of 1st period - Erik Gudbranson is hit by Adam Lowry and loses puck.
19:32 of 1st period - Minor Penalty to Adam Lowry for Hooking.
19:33 of 1st period - Elias Pettersson wins face-off versus Jonathan Toews in Wuhan Clan zone.
19:39 of 1st period - Icing by Erik Gudbranson.
19:40 of 1st period - Jonathan Toews wins face-off versus Trevor Zegras in Trash Pandas zone.
19:45 of 1st period - Shot by Shayne Gostisbehere.
19:45 of 1st period - Shot Misses the Net.
19:47 of 1st period - Shot by Shayne Gostisbehere.
19:47 of 1st period - Shot Blocked by Mark Borowiecki.
19:49 of 1st period - Shot by Shayne Gostisbehere.
19:49 of 1st period - Shot Misses the Net.
19:51 of 1st period - Shot by Erik Gudbranson.
19:51 of 1st period - Stopped by Jacob Markstrom without a rebound.
19:52 of 1st period - Anze Kopitar wins face-off versus Elias Pettersson in Wuhan Clan zone.
19:52 of 1st period - Anze Kopitar is hit by Dougie Hamilton.
Goals for this period are 2 for Wuhan Clan vs 0 for Trash Pandas.
Shots for this period are 11 for Wuhan Clan vs 7 for Trash Pandas.

2nd period


0:01 of 2nd period - Anze Kopitar wins face-off versus Elias Pettersson in neutral zone.
0:26 of 2nd period - Shot by Anze Kopitar.
0:26 of 2nd period - Shot Blocked by Dougie Hamilton.
0:28 of 2nd period - Shot by Ben Chiarot.
0:28 of 2nd period - Shot Misses the Net.
0:30 of 2nd period - Shot by Ben Chiarot.
0:30 of 2nd period - Shot Blocked by David Krejci.
1:52 of 2nd period - Shot by Ryan Strome.
1:52 of 2nd period - Stopped by Jacob Markstrom without a rebound.
1:53 of 2nd period - Morgan Geekie wins face-off versus Elias Pettersson in Wuhan Clan zone.
2:00 of 2nd period - Shot by Ryan O'Reilly.
2:00 of 2nd period - Stopped by Jacob Markstrom without a rebound.
2:01 of 2nd period - Elias Pettersson wins face-off versus Ryan Strome in Wuhan Clan zone.
2:21 of 2nd period - Shot by Christian Dvorak.
2:21 of 2nd period - Shot Misses the Net.
2:58 of 2nd period - Icing by Connor Murphy.
2:59 of 2nd period - Adam Lowry wins face-off versus Jonathan Toews in Trash Pandas zone.
3:16 of 2nd period - Shot by David Krejci.
3:16 of 2nd period - Stopped by Tristan Jarry without a rebound.
3:17 of 2nd period - Anze Kopitar wins face-off versus Jason Dickinson in Trash Pandas zone.
3:32 of 2nd period - Shot by Raccoon Willie.
3:32 of 2nd period - Stopped by Jacob Markstrom without a rebound.
3:33 of 2nd period - Taylor Hall wins face-off versus Adam Lowry in Wuhan Clan zone.
3:38 of 2nd period - Shot by Tom Wilson.
3:38 of 2nd period - Shot Misses the Net.
4:03 of 2nd period - Icing by Connor Clifton.
4:04 of 2nd period - Adam Lowry wins face-off versus Anze Kopitar in Wuhan Clan zone.
4:06 of 2nd period - Icing by Tomas Tatar.
4:07 of 2nd period - Adam Lowry wins face-off versus Anze Kopitar in Wuhan Clan zone.
4:16 of 2nd period - Shot by Raccoon Willie.
4:16 of 2nd period - Stopped by Jacob Markstrom without a rebound.
4:17 of 2nd period - Ryan O'Reilly wins face-off versus Elias Pettersson in Wuhan Clan zone.
6:00 of 2nd period - Shot by Ryan Strome.
6:00 of 2nd period - Shot Misses the Net.
6:12 of 2nd period - Shot by Christian Dvorak.
6:12 of 2nd period - Stopped by Jacob Markstrom without a rebound.
6:13 of 2nd period - Anze Kopitar wins face-off versus Michael Rasmussen in Wuhan Clan zone.
6:27 of 2nd period - Raccoon Willie is hit by Connor Clifton and loses puck.
6:32 of 2nd period - Shot by Anze Kopitar.
6:32 of 2nd period - Stopped by Jacob Markstrom without a rebound.
6:33 of 2nd period - Nick Foligno wins face-off versus Adam Lowry in Wuhan Clan zone.
6:38 of 2nd period - Shot by Christian Dvorak.
6:38 of 2nd period - Stopped by Jacob Markstrom without a rebound.
6:39 of 2nd period - Adam Lowry wins face-off versus Jonathan Toews in Wuhan Clan zone.
7:09 of 2nd period - Shot by Dougie Hamilton.
7:09 of 2nd period - Shot Blocked by Shayne Gostisbehere.
7:11 of 2nd period - Shot by Adam Lowry.
7:11 of 2nd period - Stopped by Tristan Jarry without a rebound.
7:12 of 2nd period - Anze Kopitar wins face-off versus Elias Pettersson in Trash Pandas zone.
7:34 of 2nd period - Shot by Anze Kopitar.
7:34 of 2nd period - Goal by Anze Kopitar - Wuhan Clan : 2 - Trash Pandas : 1.
7:35 of 2nd period - Ryan Strome wins face-off versus Jason Dickinson in neutral zone.
8:20 of 2nd period - Icing by Jacob Larsson.
8:21 of 2nd period - Jason Dickinson wins face-off versus Anze Kopitar in Wuhan Clan zone.
8:50 of 2nd period - Icing by Connor Murphy.
8:51 of 2nd period - Anze Kopitar wins face-off versus Elias Pettersson in Trash Pandas zone.
9:08 of 2nd period - Shot by Trevor Zegras.
9:08 of 2nd period - Shot Misses the Net.
9:46 of 2nd period - Icing by Anze Kopitar.
9:47 of 2nd period - Anze Kopitar wins face-off versus Michael Rasmussen in Trash Pandas zone.
9:47 of 2nd period - Anze Kopitar is hit by Michael Rasmussen.
10:05 of 2nd period - Shot by Michael Rasmussen.
10:05 of 2nd period - Stopped by Tristan Jarry with a rebound.
10:07 of 2nd period - Shot by Travis Dermott.
10:07 of 2nd period - Shot Misses the Net.
10:09 of 2nd period - Shot by Michael Rasmussen.
10:09 of 2nd period - Shot Misses the Net.
10:11 of 2nd period - Shot by Kevin Labanc.
10:11 of 2nd period - Stopped by Tristan Jarry without a rebound.
10:12 of 2nd period - Adam Lowry wins face-off versus Jonathan Toews in Trash Pandas zone.
10:27 of 2nd period - Tomas Tatar is hit by Tom Wilson.
10:47 of 2nd period - Shot by Tom Wilson.
10:47 of 2nd period - Shot Misses the Net.
10:49 of 2nd period - Shot by Tom Wilson.
10:49 of 2nd period - Stopped by Jacob Markstrom without a rebound.
10:50 of 2nd period - Ryan Strome wins face-off versus Elias Pettersson in Wuhan Clan zone.
10:50 of 2nd period - Ryan Strome is hit by Gabriel Carlsson.
10:55 of 2nd period - Nick Foligno is hit by Gabriel Carlsson and loses puck.
10:59 of 2nd period - Minor Penalty to Gabriel Carlsson for Tripping.
11:00 of 2nd period - Jonathan Toews wins face-off versus Elias Pettersson in Wuhan Clan zone.
13:08 of 2nd period - Nick Foligno is hit by Jacob Larsson and loses puck.
13:14 of 2nd period - Off-side.
13:15 of 2nd period - Jason Dickinson wins face-off versus Ryan O'Reilly in neutral zone.
13:19 of 2nd period - Shot by Jason Dickinson.
13:19 of 2nd period - Shot Blocked by Erik Johnson.
13:21 of 2nd period - Shot by Connor Clifton.
13:21 of 2nd period - Stopped by Tristan Jarry with a rebound.
13:31 of 2nd period - Shot by Wyatt Johnston.
13:31 of 2nd period - Stopped by Tristan Jarry without a rebound.
13:32 of 2nd period - Michael Rasmussen wins face-off versus Ryan Strome in Trash Pandas zone.
13:49 of 2nd period - Shot by Nick Foligno.
13:49 of 2nd period - Shot Misses the Net.
14:02 of 2nd period - Icing by Connor Murphy.
14:03 of 2nd period - Ryan Strome wins face-off versus David Krejci in Trash Pandas zone.
14:20 of 2nd period - Shot by Tomas Tatar.
14:20 of 2nd period - Shot Misses the Net.
14:27 of 2nd period - Icing by Connor Murphy.
14:28 of 2nd period - Ryan Strome wins face-off versus Elias Pettersson in Trash Pandas zone.
14:28 of 2nd period - Ryan Strome is hit by Trevor Zegras.
14:57 of 2nd period - Taylor Hall is hit by Mark Borowiecki and loses puck.
15:17 of 2nd period - Taylor Hall is hit by Travis Dermott and loses puck.
15:24 of 2nd period - Shot by Jonathan Toews.
15:24 of 2nd period - Shot Blocked by Jack Quinn.
15:26 of 2nd period - Shot by Jonathan Toews.
15:26 of 2nd period - Shot Blocked by Gabriel Carlsson.
15:28 of 2nd period - Shot by Erik Gudbranson.
15:28 of 2nd period - Shot Blocked by Gabriel Carlsson.
15:30 of 2nd period - Shot by Erik Gudbranson.
15:30 of 2nd period - Shot Misses the Net.
15:33 of 2nd period - Minor Penalty to Gabriel Carlsson for Tripping.
15:34 of 2nd period - Anze Kopitar wins face-off versus Adam Lowry in Wuhan Clan zone.
15:37 of 2nd period - Shot by Anze Kopitar.
15:37 of 2nd period - Stopped by Jacob Markstrom without a rebound.
15:38 of 2nd period - Anze Kopitar wins face-off versus Elias Pettersson in Wuhan Clan zone.
15:43 of 2nd period - Shot by Raccoon Willie.
15:43 of 2nd period - Stopped by Jacob Markstrom without a rebound.
15:44 of 2nd period - Elias Pettersson wins face-off versus Anze Kopitar in Wuhan Clan zone.
16:58 of 2nd period - Off-side.
16:59 of 2nd period - Adam Lowry wins face-off versus Anze Kopitar in neutral zone.
17:13 of 2nd period - Shot by Connor Murphy.
17:13 of 2nd period - Shot Blocked by Dougie Hamilton.
17:15 of 2nd period - Shot by Connor Murphy.
17:15 of 2nd period - Shot Misses the Net.
17:17 of 2nd period - Shot by Ben Chiarot.
17:17 of 2nd period - Shot Blocked by Mark Borowiecki.
17:19 of 2nd period - Shot by Connor Murphy.
17:19 of 2nd period - Stopped by Jacob Markstrom with a rebound.
17:23 of 2nd period - Shot by Sean Kuraly.
17:23 of 2nd period - Goal by Sean Kuraly - Wuhan Clan : 2 - Trash Pandas : 2.
17:24 of 2nd period - Nick Foligno wins face-off versus Jason Dickinson in neutral zone.
17:24 of 2nd period - Nick Foligno is hit by Jason Dickinson.
17:49 of 2nd period - Icing by Erik Johnson.
17:50 of 2nd period - Ryan Strome wins face-off versus Elias Pettersson in Trash Pandas zone.
17:50 of 2nd period - Christian Dvorak is hit by Elias Pettersson.
18:06 of 2nd period - Shot by Elias Pettersson.
18:06 of 2nd period - Shot Misses the Net.
18:14 of 2nd period - Icing by Travis Dermott.
18:15 of 2nd period - Anze Kopitar wins face-off versus Elias Pettersson in Wuhan Clan zone.
18:49 of 2nd period - Shot by Anze Kopitar.
18:49 of 2nd period - Shot Misses the Net.
19:25 of 2nd period - Shot by David Krejci.
19:25 of 2nd period - Stopped by Tristan Jarry with a rebound.
19:27 of 2nd period - Shot by Dougie Hamilton.
19:27 of 2nd period - Stopped by Tristan Jarry without a rebound.
19:28 of 2nd period - Ryan Strome wins face-off versus Jason Dickinson in Trash Pandas zone.
19:43 of 2nd period - Jason Dickinson is hit by Kevin Bahl.
19:47 of 2nd period - Shot by Jack Quinn.
19:47 of 2nd period - Stopped by Tristan Jarry without a rebound.
19:48 of 2nd period - Jonathan Toews wins face-off versus Michael Rasmussen in Trash Pandas zone.
19:58 of 2nd period - Ben Chiarot is hit by Michael Rasmussen and loses puck.
Goals for this period are 0 for Wuhan Clan vs 2 for Trash Pandas.
Shots for this period are 9 for Wuhan Clan vs 13 for Trash Pandas.

3rd period


0:01 of 3rd period - Adam Lowry wins face-off versus Morgan Geekie in neutral zone.
0:03 of 3rd period - Dougie Hamilton is hit by Connor Murphy and loses puck.
0:11 of 3rd period - Off-side.
0:12 of 3rd period - Jonathan Toews wins face-off versus Elias Pettersson in neutral zone.
0:21 of 3rd period - Shot by Jonathan Toews.
0:21 of 3rd period - Shot Blocked by Mark Borowiecki.
0:42 of 3rd period - Shot by Tom Wilson.
0:42 of 3rd period - Stopped by Jacob Markstrom with a rebound.
0:44 of 3rd period - Shot by Tom Wilson.
0:44 of 3rd period - Shot Misses the Net.
0:52 of 3rd period - Shot by Taylor Hall.
0:52 of 3rd period - Shot Misses the Net.
1:09 of 3rd period - Icing by Connor Murphy.
1:10 of 3rd period - Anze Kopitar wins face-off versus Adam Lowry in Trash Pandas zone.
1:12 of 3rd period - Icing by Ben Chiarot.
1:13 of 3rd period - Adam Lowry wins face-off versus Anze Kopitar in Trash Pandas zone.
1:28 of 3rd period - Connor Murphy is hit by Adam Lowry and loses puck.
1:48 of 3rd period - Minor Penalty to Connor Clifton for Holding.
1:49 of 3rd period - Jonathan Toews wins face-off versus Elias Pettersson in Wuhan Clan zone.
1:50 of 3rd period - Shot by Shayne Gostisbehere.
1:50 of 3rd period - Shot Blocked by Mark Borowiecki.
2:11 of 3rd period - Shot by Shayne Gostisbehere.
2:11 of 3rd period - Stopped by Jacob Markstrom without a rebound.
2:12 of 3rd period - Elias Pettersson wins face-off versus Anze Kopitar in Wuhan Clan zone.
3:05 of 3rd period - Shot by Tom Wilson.
3:05 of 3rd period - Deflect By Jonathan Toews.
3:05 of 3rd period - Shot Misses the Net.
3:07 of 3rd period - Shot by Erik Gudbranson.
3:07 of 3rd period - Stopped by Jacob Markstrom without a rebound.
3:08 of 3rd period - Elias Pettersson wins face-off versus Jonathan Toews in Wuhan Clan zone.
3:18 of 3rd period - Icing by Shayne Gostisbehere.
3:19 of 3rd period - Jonathan Toews wins face-off versus Elias Pettersson in Trash Pandas zone.
3:36 of 3rd period - Shot by Dougie Hamilton.
3:36 of 3rd period - Stopped by Tristan Jarry without a rebound.
3:37 of 3rd period - Elias Pettersson wins face-off versus Anze Kopitar in Trash Pandas zone.
4:02 of 3rd period - Shot by Christian Dvorak.
4:02 of 3rd period - Shot Misses the Net.
4:04 of 3rd period - Shot by Nick Foligno.
4:04 of 3rd period - Stopped by Jacob Markstrom without a rebound.
4:05 of 3rd period - Adam Lowry wins face-off versus Ryan O'Reilly in Wuhan Clan zone.
4:05 of 3rd period - Adam Lowry is hit by Morgan Geekie.
4:23 of 3rd period - Shot by Raccoon Willie.
4:23 of 3rd period - Stopped by Jacob Markstrom with a rebound.
4:25 of 3rd period - Shot by Raccoon Willie.
4:25 of 3rd period - Shot Misses the Net.
4:27 of 3rd period - Shot by Connor Murphy.
4:27 of 3rd period - Stopped by Jacob Markstrom without a rebound.
4:28 of 3rd period - Jonathan Toews wins face-off versus Jason Dickinson in Wuhan Clan zone.
4:29 of 3rd period - Shot by Tom Wilson.
4:29 of 3rd period - Stopped by Jacob Markstrom with a rebound.
4:41 of 3rd period - Shot by Jason Dickinson.
4:41 of 3rd period - Shot Misses the Net.
5:37 of 3rd period - Shot by Anze Kopitar.
5:37 of 3rd period - Shot Misses the Net.
6:19 of 3rd period - Shot by Ryan Strome.
6:19 of 3rd period - Stopped by Jacob Markstrom with a rebound.
6:52 of 3rd period - Shot by Ryan O'Reilly.
6:52 of 3rd period - Shot Blocked by Dougie Hamilton.
7:01 of 3rd period - Raccoon Willie is hit by Connor Clifton.
7:06 of 3rd period - Raccoon Willie is hit by Connor Clifton and loses puck.
7:17 of 3rd period - Shot by Ryan O'Reilly.
7:17 of 3rd period - Shot Misses the Net.
7:33 of 3rd period - Icing by Connor Clifton.
7:34 of 3rd period - Adam Lowry wins face-off versus Taylor Hall in Wuhan Clan zone.
7:34 of 3rd period - Adam Lowry is hit by Tom Wilson.
7:49 of 3rd period - Shot by Ben Chiarot.
7:49 of 3rd period - Shot Blocked by Adam Lowry.
7:51 of 3rd period - Shot by Ben Chiarot.
7:51 of 3rd period - Shot Misses the Net.
7:53 of 3rd period - Shot by Jonathan Toews.
7:53 of 3rd period - Shot Misses the Net.
7:55 of 3rd period - Shot by Connor Murphy.
7:55 of 3rd period - Stopped by Jacob Markstrom with a rebound.
8:33 of 3rd period - Ryan Strome is hit by Mark Borowiecki and loses puck.
8:44 of 3rd period - Shot by Nick Foligno.
8:44 of 3rd period - Shot Blocked by Mark Borowiecki.
8:46 of 3rd period - Shot by Christian Dvorak.
8:46 of 3rd period - Shot Misses the Net.
9:02 of 3rd period - Icing by Erik Gudbranson.
9:03 of 3rd period - Michael Rasmussen wins face-off versus Anze Kopitar in Trash Pandas zone.
9:06 of 3rd period - Shot by Kevin Labanc.
9:06 of 3rd period - Deflect By Michael Rasmussen.
9:06 of 3rd period - Stopped by Tristan Jarry with a rebound.
9:09 of 3rd period - Jesperi Kotkaniemi is hit by Erik Gudbranson and loses puck.
9:28 of 3rd period - Michael Rasmussen is hit by Raccoon Willie and loses puck.
9:59 of 3rd period - Shot by Jack Quinn.
9:59 of 3rd period - Goal by Jack Quinn - Wuhan Clan : 3 - Trash Pandas : 2.
10:00 of 3rd period - Ryan Strome wins face-off versus Elias Pettersson in neutral zone.
10:21 of 3rd period - Shot by Nick Foligno.
10:21 of 3rd period - Stopped by Jacob Markstrom without a rebound.
10:22 of 3rd period - Jonathan Toews wins face-off versus Jason Dickinson in Wuhan Clan zone.
11:36 of 3rd period - Shot by Sean Kuraly.
11:36 of 3rd period - Shot Misses the Net.
11:38 of 3rd period - Shot by Erik Gudbranson.
11:38 of 3rd period - Stopped by Jacob Markstrom without a rebound.
11:39 of 3rd period - Ryan Strome wins face-off versus Michael Rasmussen in Wuhan Clan zone.
12:11 of 3rd period - Shot by Jesperi Kotkaniemi.
12:11 of 3rd period - Stopped by Tristan Jarry without a rebound.
12:12 of 3rd period - Ryan O'Reilly wins face-off versus Adam Lowry in Trash Pandas zone.
12:12 of 3rd period - Ryan O'Reilly is hit by Adam Lowry.
12:20 of 3rd period - Shot by Ryan O'Reilly.
12:20 of 3rd period - Shot Misses the Net.
12:25 of 3rd period - David Krejci is hit by Erik Gudbranson and loses puck.
12:31 of 3rd period - Tomas Tatar is hit by Erik Gudbranson and loses puck.
12:47 of 3rd period - Icing by Ryan O'Reilly.
12:48 of 3rd period - Elias Pettersson wins face-off versus Ryan O'Reilly in Trash Pandas zone.
12:53 of 3rd period - Shot by Trevor Zegras.
12:53 of 3rd period - Stopped by Tristan Jarry with a rebound.
12:55 of 3rd period - Shot by Elias Pettersson.
12:55 of 3rd period - Stopped by Tristan Jarry with a rebound.
12:57 of 3rd period - Shot by Elias Pettersson.
12:57 of 3rd period - Goal by Elias Pettersson - Wuhan Clan : 4 - Trash Pandas : 2.
12:58 of 3rd period - Jonathan Toews wins face-off versus Michael Rasmussen in neutral zone.
13:27 of 3rd period - Shot by Tom Wilson.
13:27 of 3rd period - Shot Misses the Net.
13:29 of 3rd period - Shot by Taylor Hall.
13:29 of 3rd period - Shot Misses the Net.
14:05 of 3rd period - Shot by Trevor Zegras.
14:05 of 3rd period - Stopped by Tristan Jarry without a rebound.
14:06 of 3rd period - Anze Kopitar wins face-off versus Elias Pettersson in Trash Pandas zone.
14:11 of 3rd period - Elias Pettersson is hit by Raccoon Willie and loses puck.
14:16 of 3rd period - Shot by Sean Kuraly.
14:16 of 3rd period - Deflect By Raccoon Willie.
14:16 of 3rd period - Stopped by Jacob Markstrom with a rebound.
14:18 of 3rd period - Shot by Erik Gudbranson.
14:18 of 3rd period - Stopped by Jacob Markstrom without a rebound.
14:19 of 3rd period - Jason Dickinson wins face-off versus Ryan Strome in Wuhan Clan zone.
14:19 of 3rd period - Jason Dickinson is hit by Nick Foligno.
14:35 of 3rd period - Travis Dermott is hit by Nick Foligno and loses puck.
14:48 of 3rd period - Shot by Jack Quinn.
14:48 of 3rd period - Shot Misses the Net.
14:50 of 3rd period - Shot by Jason Dickinson.
14:50 of 3rd period - Shot Blocked by Kevin Bahl.
14:52 of 3rd period - Shot by Jason Dickinson.
14:52 of 3rd period - Deflect By Jack Quinn.
14:52 of 3rd period - Shot Blocked by Erik Johnson.
14:54 of 3rd period - Shot by Wyatt Johnston.
14:54 of 3rd period - Shot Misses the Net.
14:56 of 3rd period - Shot by Jason Dickinson.
14:56 of 3rd period - Shot Misses the Net.
16:47 of 3rd period - Connor Clifton is hit by Tom Wilson and loses puck.
17:06 of 3rd period - Shot by Morgan Geekie.
17:06 of 3rd period - Stopped by Jacob Markstrom without a rebound.
17:06 of 3rd period - Minor Penalty to Connor Clifton for Hooking.
17:07 of 3rd period - Anze Kopitar wins face-off versus Adam Lowry in Wuhan Clan zone.
17:20 of 3rd period - Shot by Raccoon Willie.
17:20 of 3rd period - Stopped by Jacob Markstrom without a rebound.
17:21 of 3rd period - Anze Kopitar wins face-off versus Elias Pettersson in Wuhan Clan zone.
17:22 of 3rd period - Shot by Raccoon Willie.
17:22 of 3rd period - Shot Misses the Net.
17:28 of 3rd period - Shot by Elias Pettersson.
17:28 of 3rd period - Stopped by Tristan Jarry with a rebound.
17:30 of 3rd period - Shot by Travis Dermott.
17:30 of 3rd period - Shot Misses the Net.
17:32 of 3rd period - Shot by Jason Dickinson.
17:32 of 3rd period - Shot Blocked by Connor Murphy.
17:34 of 3rd period - Shot by Elias Pettersson.
17:34 of 3rd period - Shot Blocked by Ben Chiarot.
17:43 of 3rd period - Shot by Travis Dermott.
17:43 of 3rd period - Shot Misses the Net.
17:45 of 3rd period - Shot by Jason Dickinson.
17:45 of 3rd period - Stopped by Tristan Jarry without a rebound.
17:46 of 3rd period - Adam Lowry wins face-off versus Tom Wilson in Trash Pandas zone.
18:10 of 3rd period - Shayne Gostisbehere is hit by Mark Borowiecki and loses puck.
18:47 of 3rd period - Shot by Ben Chiarot.
18:47 of 3rd period - Shot Misses the Net.
18:49 of 3rd period - Shot by Raccoon Willie.
18:49 of 3rd period - Deflect By Anze Kopitar.
18:49 of 3rd period - Stopped by Jacob Markstrom with a rebound.
18:51 of 3rd period - Shot by Sean Kuraly.
18:51 of 3rd period - Stopped by Jacob Markstrom without a rebound.
18:52 of 3rd period - Jonathan Toews wins face-off versus Trevor Zegras in Wuhan Clan zone.
18:55 of 3rd period - Shot by Jonathan Toews.
18:55 of 3rd period - Stopped by Jacob Markstrom without a rebound.
18:56 of 3rd period - Anze Kopitar wins face-off versus Elias Pettersson in Wuhan Clan zone.
19:03 of 3rd period - Shot by Raccoon Willie.
19:03 of 3rd period - Shot Blocked by Dougie Hamilton.
19:05 of 3rd period - Shot by Sean Kuraly.
19:05 of 3rd period - Stopped by Jacob Markstrom without a rebound.
19:06 of 3rd period - Wyatt Johnston wins face-off versus Ryan Strome in Wuhan Clan zone.
19:06 of 3rd period - Wyatt Johnston is hit by Nick Foligno.
19:37 of 3rd period - Shot by Nick Foligno.
19:37 of 3rd period - Stopped by Jacob Markstrom without a rebound.
19:38 of 3rd period - Jonathan Toews wins face-off versus Adam Lowry in Wuhan Clan zone.
19:54 of 3rd period - Shot by David Krejci.
19:54 of 3rd period - Shot Misses the Net.
19:56 of 3rd period - Shot by David Krejci.
19:56 of 3rd period - Shot Blocked by Ben Chiarot.
19:58 of 3rd period - Shot by David Krejci.
19:58 of 3rd period - Shot Blocked by Ben Chiarot.
Goals for this period are 2 for Wuhan Clan vs 0 for Trash Pandas.
Shots for this period are 10 for Wuhan Clan vs 20 for Trash Pandas.